 Dungeon Crawl Stone Soup version 0.19.1-28-ge1247f7 (webtiles) character file.

763 Alarkh the Cleaver (level 7, 0/78 HPs)
             Began as a Demonspawn Monk on Jan 21, 2017.
             Was a Priest of Trog.
             Succumbed to a killer bee's poison
             ... on level 5 of the Dungeon.
             The game lasted 00:05:06 (4762 turns).

Alarkh the Cleaver (Demonspawn Monk)                Turns: 4762, Time: 00:05:07

Health: 0/78       AC: 10    Str: 16    XL:     7   Next: 51%
Magic:  7/7        EV: 13    Int: 14    God:    Trog [***...]
Gold:   199        SH:  0    Dex: 15    Spells: 0 memorised, 6 levels left

rFire  . . .     SeeInvis .     s - -2 war axe (curse)
rCold  . . .     Gourm    .     b - +1 robe
rNeg   . . .     Faith    .     (no shield)
rPois  .         Spirit   .     (helmet restricted)
rElec  .         Reflect  .     (no cloak)
rCorr  .         Harm     .     (no gloves)
MR     .....                    k - +2 pair of boots {run}
Stlth  ..........               (no amulet)
                                (no ring)
                                m - ring of loudness (curse)

@: berserking, lethally poisoned (0 -> -12), very quick
A: antennae 1, iridescent scales 2
a: Berserk, Trog's Hand, Burn Spellbooks, Renounce Religion


You were on level 5 of the Dungeon.
You worshipped Trog.
Trog was most pleased with you.
You were near starving.

You visited 1 branch of the dungeon, and saw 5 of its levels.

You collected 199 gold pieces.

Inventory:

Hand Weapons
 a - a +0 hand axe
 s - a cursed -2 war axe (weapon)
 v - a +0 war axe
Armour
 b - a +1 robe (worn)
 k - a +2 pair of boots of running (worn)
Jewellery
 m - a cursed ring of loudness (left hand)
 y - an uncursed ring of fire {unknown}
Wands
 o - a wand of teleportation (9/9)
 x - a wand of random effects (10/48)
Scrolls
 d - 2 scrolls of recharging
 e - a scroll of identify
 f - a scroll of amnesia {unknown}
 i - a scroll of fear
 j - a scroll of noise
 n - 2 scrolls of enchant armour
 q - a scroll of enchant weapon
 r - a scroll of blinking
 t - a scroll of remove curse {unknown}
Potions
 g - 2 potions of flight
 h - a potion of lignification
 w - a potion of curing
Books
 u - a book of Death

   Spells                             Type                      Level
   a - Corpse Rot                     Necromancy                   2
   b - Sublimation of Blood           Necromancy                   2
   c - Agony                          Necromancy                   5
   d - Dispel Undead                  Necromancy                   5
   e - Excruciating Wounds            Charms/Necromancy            5
   f - Bolt of Draining               Conjuration/Necromancy       5
   Trog disapproves of the use of such an item.
Comestibles
 c - 5 bread rations
 l - 4 meat rations
 p - a royal jelly


   Skills:
 - Level 3.0 Fighting
 + Level 8.2 Axes
 - Level 2.6 Dodging
 - Level 1.7 Stealth


You had 6 spell levels left.
You didn't know any spells.

Dungeon Overview and Level Annotations

Branches:
Dungeon (5/15)
 Temple: D:4-7

Altars:
Dithmenos
Elyvilon
Gozag
Kikubaaqudgha
Qazlal
Trog


Innate Abilities, Weirdness & Mutations

You have a pair of small antennae on your head.
You are mostly covered in iridescent scales. (AC +4)


Message History

You kill the killer bee!
Trog accepts your kill.
Your Axes skill increases to level 8!
You hit the killer bee.
* * * LOW HITPOINT WARNING * * *
You feel sick.
The killer bee stings you but does no damage. x2
The killer bee closely misses you.
You barely miss the killer bee.
The killer bee is lightly wounded.
You miss the killer bee.
* * * LOW HITPOINT WARNING * * *
You feel sick. The killer bee misses you. The killer bee barely misses you. x2
You closely miss the killer bee.
The killer bee is lightly wounded.
You slash the killer bee!
You feel the power of Trog in you as your rage grows.
You kill the killer bee!
Trog accepts your kill.
You die...

#.........##
#..........##
#######.....#
#.....#
#####.._..# #
..........##.#
####...$.....#
#...††....#
#.>.@†....#
#..†y.....#
#...........
#........###
#........#
+........#
#........#
#......$.#


You could see a killer bee.

Vanquished Creatures
  4 killer bees (D:5)
  A howler monkey (D:5)
  A crimson imp (D:3)
  A jelly (D:5)
  A hound (D:4)
  An orc priest (D:4)
  2 orc wizards (D:4)
  An iguana (D:5)
  4 worker ants
  A hound zombie (D:5)
  4 adders (D:3)
  7 gnolls
  A worker ant zombie (D:5)
  2 oozes
  3 worms
  3 dart slugs
  2 leopard geckos
  3 orcs (D:4)
  6 giant cockroaches
  7 goblins
  10 hobgoblins
  3 jackals (D:3)
  8 kobolds
  4 quokkas
  2 ball pythons
  12 bats
  7 frilled lizards
  A leopard gecko zombie (D:3)
  14 rats
116 creatures vanquished.

Vanquished Creatures (others)
  A human (D:3)
1 creature vanquished.

Grand Total: 117 creatures vanquished

Notes
Turn   | Place    | Note
-------+----------+-------------------------------------------
     0 | D:1      | Alarkh the Demonspawn Monk began the quest for the Orb.
     0 | D:1      | Reached XP level 1. HP: 18/18 MP: 1/1
   207 | D:1      | Reached skill level 3 in Axes
   406 | D:1      | Gained mutation: You are partially covered in iridescent scales. (AC +2) [demonic ancestry]
   406 | D:1      | Reached XP level 2. HP: 24/24 MP: 2/2
   723 | D:1      | Identified a +2 pair of boots of running (You found it on level 1 of the Dungeon)
   723 | D:1      | Reached XP level 3. HP: 28/29 MP: 3/3
   988 | D:1      | Reached skill level 4 in Axes
  1504 | D:2      | Found an opulent altar of Gozag.
  1504 | D:2      | Found a faded altar of an unknown god.
  1509 | D:2      | Found a faded altar of an unknown god.
  1513 | D:2      | Found a faded altar of an unknown god.
  1515 | D:2      | Found a faded altar of an unknown god.
  1701 | D:2      | Found a bloodstained altar of Trog.
  1778 | D:2      | Became a worshipper of Trog the Wrathful
  1778 | D:2      | Reached * piety under Trog
  1778 | D:2      | Reached ** piety under Trog
  1843 | D:2      | Reached XP level 4. HP: 35/35 MP: 4/4
  2603 | D:3      | Reached skill level 5 in Axes
  2996 | D:3      | Found a stormy altar of Qazlal.
  3012 | D:3      | Gained mutation: You are mostly covered in iridescent scales. (AC +4) [demonic ancestry]
  3012 | D:3      | Reached XP level 5. HP: 41/41 MP: 5/5
  3022 | D:3      | Found an ancient bone altar of Kikubaaqudgha.
  3024 | D:3      | Noticed a human
  3025 | D:3      | Killed a human
  3477 | D:4      | Reached skill level 6 in Axes
  3486 | D:4      | Gained mutation: You have a pair of small antennae on your head. [demonic ancestry]
  3486 | D:4      | Reached XP level 6. HP: 31/47 MP: 6/6
  3517 | D:3      | Reached *** piety under Trog
  3870 | D:4      | Found a shadowy altar of Dithmenos.
  4371 | D:5      | Entered Level 5 of the Dungeon
  4444 | D:5      | Found a white marble altar of Elyvilon.
  4462 | D:5      | Reached skill level 7 in Axes
  4717 | D:5      | Found a bloodstained altar of Trog.
  4730 | D:5      | Reached XP level 7. HP: 48/52 MP: 7/7
  4759 | D:5      | HP: 3/78 [killer bee (6)]
  4760 | D:5      | Reached skill level 8 in Axes
  4760 | D:5      | HP: 1/78 [poisoned by a killer bee]
  4762 | D:5      | Succumbed to a killer bee's poison

Skill      XL: |  1  2  3  4  5  6  7 |
---------------+----------------------+-----
Axes           | 3 4 5 6 7 8 |  8.2
Fighting       | |  3.0
Dodging        | |  2.6
Stealth        | |  1.7

Action                   |  1- 3 |  4- 6 |  7- 9 || total
-------------------------+-------+-------+-------++-------
Melee: Hand axe          |   159 |     1 |       ||   160
       War axe           |       |   248 |    31 ||   279
Invok: Berserk           |       |     5 |     1 ||     6
  Use: Scroll            |     1 |     8 |       ||     9
       Potion            |       |     2 |       ||     2
 Stab: Sleeping          |     4 |       |       ||     4
  Eat: Chunk             |     3 |    13 |       ||    16
Armor: Robe              |    44 |   113 |    26 ||   183
Dodge: Dodged            |   102 |   200 |    45 ||   347
